 Dungeon Crawl Stone Soup version 0.23.2-30-g0e89c35649 (webtiles) character file.

Game seed: 10507928676850277091

504 Masnef the Magician (level 6, 0/32 HPs)
             Began as a Deep Elf Wizard on June 24, 2019.
             Was an Initiate of Sif Muna.
             Slain by Grinder (6 damage)
             ... while paralysed by Grinder
             ... on level 4 of the Dungeon.
             The game lasted 00:13:37 (4663 turns).

Masnef the Magician (Deep Elf Wizard)               Turns: 4663, Time: 00:13:38

Health: 0/32       AC:  2    Str:  4    XL:     6   Next: 96%
Magic:  0/24       EV:  2    Int: 25    God:    Sif Muna [......]
Gold:   243        SH:  0    Dex: 18    Spells: 7/15 levels left

rFire    . . .     SeeInvis .   r - +0 dagger (elec)
rCold    . . .     Gourm    .   (no shield)
rNeg     . . .     Faith    .   a - +0 robe
rPois    .         Spirit   +   b - +0 hat
rElec    .         Reflect  .   (no cloak)
rCorr    .         Harm     .   (no gloves)
MR       .....                  (no boots)
Stlth    ++........             f - amulet of guardian spirit
HPRegen  0.10/turn              o - ring of magical power
MPRegen  0.19/turn              (no ring)

@: confused, paralysed, agile
A: no striking features
a: Renounce Religion


You were on level 4 of the Dungeon.
You worshipped Sif Muna.
Sif Muna was noncommittal.
You were not hungry.

You visited 1 branch of the dungeon, and saw 4 of its levels.

You collected 243 gold pieces.

Inventory:

Hand Weapons
 h - a +0 dagger
 m - a +0 long sword
 q - a +2 dagger of venom
 r - a +0 dagger of electrocution (weapon)
 v - a +0 falchion of draining
Armour
 a - a +0 robe (worn)
 b - a +0 hat (worn)
 u - a +0 shield
Jewellery
 f - an amulet of guardian spirit (around neck)
 o - a ring of magical power (left hand)
Wands
 t - a wand of polymorph (4)
Scrolls
 c - a scroll of identify
 i - 3 scrolls of remove curse
 j - a scroll of amnesia
 p - a scroll of magic mapping {unknown}
 s - 4 scrolls of teleportation
Potions
 k - 3 potions of might
 l - 3 potions of degeneration
 n - a potion of brilliance
Comestibles
 d - 7 rations


   Skills:
 - Level 3.1 Short Blades
 * Level 4.6 Dodging
 - Level 4.0 Stealth
 - Level 5.0 Spellcasting
 + Level 4.1 Conjurations
 - Level 1.1 Summonings
 - Level 1.1 Translocations
 - Level 2.0 Air Magic
 - Level 1.0 Poison Magic


You had 7 spell levels left.
You knew the following spells:

 Your Spells              Type           Power        Failure   Level  Hunger
a - Magic Dart            Conj           ####         1%          1    None
b - Blink                 Tloc           N/A          8%          2    None
c - Call Imp              Summ           ##......     8%          2    None
d - Mephitic Cloud        Conj/Pois/Air  ###.....     10%         3    ##.....

Your spell library contained the following spells:

 Spells                   Type           Power        Failure   Level  Hunger
 Conjure Flame            Conj/Fire      ###.....     11%         3    ##.....
 Slow                     Hex            #.......     12%         2    None


Dungeon Overview and Level Annotations

Branches:
Dungeon (4/15)
 Temple: D:4-7

Altars:
Sif Muna
Zin

Annotations:
D:2 daie
D:4 Grinder


Message History

You choke on the stench!
You are confused.
Grinder gestures at you. Pain shoots through your body!
* * * LOW HITPOINT WARNING * * *
Your crimson imp barely misses Grinder.
Your crimson imp hits Grinder.
You feel agile all of a sudden.
You are engulfed in noxious fumes.
You choke on the stench!
You are more confused.
Grinder is no longer moving quickly.
Grinder hits you but does no damage.
Your crimson imp hits Grinder.
Your crimson imp hits Grinder but does no damage.
Grinder gestures at you.
You suddenly lose the ability to move!
You are engulfed in noxious fumes.
You choke on the stench!
You are more confused.
* * * LOW HITPOINT WARNING * * *
Your crimson imp disappears in a puff of smoke!
Your crimson imp hits Grinder.
Grinder hits you!
You die...

#..### #.. ##.# #...
#.# #..... #.#
#...... #)##
##...%... #..##
##........
#...###.........
.......#.).#§§.......
§......###)°@5.......
§......# ##§§§5......
§#.....# ##§§.......
#....## ##........
#...# #........ #...
##....... #......
#..... #....


You could see Grinder and a friendly crimson imp.

Vanquished Creatures
  A sky beast (D:3)
  A phantom (D:4)
  An orc wizard (D:4)
  A worker ant (D:4)
  4 gnolls (D:3)
  8 adders
  An ooze (D:1)
  A dart slug (D:1)
  2 leopard geckos
  3 orcs
  8 bats
  2 giant cockroaches (D:2)
  6 goblins
  9 hobgoblins
  9 jackals
  2 quokkas (D:2)
  6 frilled lizards
  6 kobolds
  9 rats
80 creatures vanquished.

Vanquished Creatures (collateral kills)
  2 orc priests
  A hound (D:2)
  An orc wizard (D:4)
  2 adders
  6 orcs
  2 hobgoblins
  A jackal (D:3)
  A frilled lizard (D:3)
  A rat (D:3)
17 creatures vanquished.

Grand Total: 97 creatures vanquished

Notes
Turn   | Place    | Note
-------+----------+-------------------------------------------
     0 | D:1      | Masnef the Deep Elf Wizard began the quest for the Orb.
     0 | D:1      | Reached XP level 1. HP: 10/10 MP: 7/7
   339 | D:1      | Reached XP level 2. HP: 12/15 MP: 0/9
   778 | D:1      | Learned a level 2 spell: Blink
   781 | D:1      | Learned a level 2 spell: Call Imp
  1131 | D:1      | Reached skill level 1 in Short Blades
  1131 | D:1      | Reached XP level 3. HP: 16/19 MP: 8/10
  1850 | D:1      | Learned a level 3 spell: Mephitic Cloud
  1902 | D:2      | Reached XP level 4. HP: 19/24 MP: 12/12
  2271 | D:2      | Found a glowing silver altar of Zin.
  2491 | D:2      | Found a deep blue altar of Sif Muna.
  2499 | D:2      | Became a worshipper of Sif Muna the Loreminder
  2860 | D:3      | Reached XP level 5. HP: 16/28 MP: 5/13
  3083 | D:3      | Reached skill level 1 in Air Magic
  3091 | D:3      | Reached skill level 1 in Poison Magic
  3415 | D:3      | Reached skill level 5 in Spellcasting
  3878 | D:3      | Noticed a sky beast
  3897 | D:3      | Killed a sky beast
  3897 | D:3      | Reached XP level 6. HP: 20/32 MP: 2/15
  4643 | D:4      | Noticed Grinder
  4662 | D:4      | Paralysed by Grinder for 6 turns
  4663 | D:4      | Slain by Grinder

Skill      XL: |  1  2  3  4  5  6 |
---------------+-------------------+-----
Conjurations   | 2 3 4 |  4.1
Short Blades   | 1 2 3 |  3.1
Stealth        | 3 4 |  4.0
Air Magic      | 1 2 |  2.0
Poison Magic   | 1 |  1.0
Dodging        | 3 4 |  4.6
Spellcasting   | 5 |  5.0
Summonings     | |  1.1
Translocations | |  1.1

Action                   |  1- 3 |  4- 6 || total
-------------------------+-------+-------++-------
Melee: Unarmed           |    39 |       ||    39
       Dagger            |    36 |   126 ||   162
 Cast: Magic Dart        |    53 |    51 ||   104
       Call Imp          |     5 |    21 ||    26
       Mephitic Cloud    |       |    18 ||    18
       Blink             |       |     9 ||     9
Evoke: Wand              |       |     2 ||     2
  Use: Scroll            |       |     8 ||     8
       Potion            |       |     2 ||     2
 Stab: Sleeping          |     5 |     4 ||     9
       Distracted        |       |     1 ||     1
       Confused          |       |     1 ||     1
  Eat: Chunk             |     2 |     7 ||     9
       Ration            |       |     1 ||     1
Armor: Robe              |    12 |    22 ||    34
Dodge: Dodged            |    71 |    72 ||   143
